 Dungeon Crawl Stone Soup version 0.30-a0-948-g4fa250aae5 (webtiles) character file.

Game seed: 17418354250935182299

81 DeathPants the Trooper (level 4, -11/24 HPs)
             Began as a Vine Stalker Fighter on Mar 26, 2023.
             Killed by divine providence
             ... invoked by an orc priest
              (15 damage)
             ... on level 2 of the Dungeon.
             The game lasted 00:03:26 (1344 turns).

DeathPants the Trooper (Vine Stalker Fighter)       Turns: 1344, Time: 00:03:27

Health: -11/24     AC: 10    Str: 19    XL:     4   Next: 42%
Magic:  0/7        EV:  9    Int: 10    God:
Gold:   47         SH:  4    Dex: 13    Spells: 6/6 levels left

rFire   . . .      SeeInvis .    a - +0 flail
rCold   . . .      Faith    .    c - +0 buckler
rNeg    . . .      Spirit   +    b - +0 scale mail
rPois   .          Reflect  .    (no helmet)
rElec   .          Rampage  .    (no cloak)
rCorr   .                        (no gloves)
Will    .....                    (no boots) Stlth
                                 (no amulet)
HPRegen 1.04/turn                l - +4 ring of protection
MPRegen 0.10/turn                (no ring)

@: no status effects
A: fangs 2, regeneration 1, magic shield, antimagic bite, no potion heal 2
a: no special abilities


You were on level 2 of the Dungeon.
You visited 1 branch of the dungeon, and saw 3 of its levels.

You collected 47 gold pieces.

Inventory:

Hand Weapons
 a - a +0 flail (weapon)
Missiles
 k - 4 javelins (quivered)
Armour
 b - a +0 scale mail (worn)
 c - a +0 buckler (worn)
Jewellery
 l - a +4 ring of protection (left hand)
Scrolls
 h - a scroll of magic mapping {unknown}
 i - a scroll of fear {unknown}
 j - a scroll of immolation {unknown}
 m - a scroll of enchant weapon {unknown}
Potions
 d - 2 potions of might
 e - a potion of attraction {unknown}
 f - 2 potions of cancellation {unknown}
 g - a potion of heal wounds {unknown}


   Skills:
 + Level 3.3 Fighting
 + Level 2.5 Maces & Flails
 - Level 2.4 Armour
 + Level 3.2 Shields
 + Level 1.6 Spellcasting


You had 6 spell levels left.
You didn't know any spells.
Your spell library was empty.

Dungeon Overview and Level Annotations

Branches:
Dungeon (3/15)

Altars:


Innate Abilities, Weirdness & Mutations

You have extremely sharp teeth.
Your natural rate of healing is unusually fast.
When hurt, damage is shared between your health and your magic reserves.
Your bite disrupts and absorbs the magic of your enemies.
Potions cannot restore your health.


Message History

The orc priest hits you but does no damage. x2
You closely miss the orc priest. The orc priest barely misses you.
You sock the orc priest! Your bite misses the orc priest.
The orc priest is almost dead.
The orc priest hits you but does no damage.
The orc priest invokes the aid of Beogh against you.
Beogh smites you!
You hit the orc priest but do no damage.
The orc priest is almost dead.
The orc priest hits you but does no damage.
You sock the orc priest!
You kill the orc priest!
You have reached level 4!
You feel stronger.
You begin to heal more quickly.
An orc priest comes into view.
It is wielding a +3 hand axe of electrocution.
The orc priest hits you with a +3 hand axe of electrocution.
* * * LOW HITPOINT WARNING * * *
Things that are here:
a +0 club; a +0 club; an orc corpse You hit the orc priest.
Your bite misses the orc priest.
The orc priest is lightly wounded.
The orc priest hits you with a +3 hand axe of electrocution.
* * * LOW HITPOINT WARNING * * *
You hit the orc priest.
The orc priest is moderately wounded.
The orc priest hits you with a +3 hand axe of electrocution.
* * * LOW HITPOINT WARNING * * *
The orc priest hits you but does no damage.
You sock the orc priest!
The orc priest is almost dead.
The orc priest closely misses you.
You closely miss the orc priest.
The orc priest is almost dead.
The orc priest hits you with a +3 hand axe of electrocution.
* * * LOW HITPOINT WARNING * * *
The orc priest invokes the aid of Beogh against you.
Beogh smites you!
Ouch! That really hurt!
You die...

#....# .# ##.### ..
#.# #. #.# ##.## #+#
#.# ...# #.# #. #..#
#.# #..# ##.##
#.o########...######
#..@................
##
##.#####.......#####
.. #.# #.#.....†..>#
## ..# #...#.#.#.#..
#### #####.#......
#.####### ### #.#
##.## #.# #.#.## #.#


You could see an orc priest.

Vanquished Creatures
  An orc priest (D:2)
  An adder (D:2)
  2 dart slugs
  An orc (D:2)
  4 bats
  An endoplasm (D:2)
  3 giant cockroaches
  A goblin (D:1)
  6 hobgoblins
  5 quokkas
  4 ball pythons
  4 frilled lizards
  3 kobolds
  3 rats (D:2)
39 creatures vanquished.

Notes
Turn   | Place    | Note
-------+----------+-------------------------------------------
     0 | D:1      | DeathPants the Vine Stalker Fighter began the quest for the
                  | Orb.
     0 | D:1      | Reached XP level 1. HP: 11/11 MP: 2/2
   107 | D:1      | Reached XP level 2. HP: 13/16 MP: 3/3
   454 | D:1      | Reached skill level 1 in Spellcasting
   520 | D:1      | Reached XP level 3. HP: 20/20 MP: 5/5
   643 | D:1      | Found a faded altar of an unknown god.
  1339 | D:2      | Gained mutation: Your natural rate of healing is unusually
                  | fast. [Vine Stalker growth]
  1339 | D:2      | Reached XP level 4. HP: 9/24 MP: 3/7
  1344 | D:2      | Killed from afar by an orc priest

Illustrated notes

Levels and vault maps discovered:
D:1:      lightli_arrival_isolated_outpost, layout_basic, serial_forest,
          infiniplex_forest_end_2, infiniplex_forest_lined_corner,
          infiniplex_forest_lined_corner, infiniplex_forest_clump_medium,
          infiniplex_forest_fountain, infiniplex_forest_straight_4,
          shapermc_ecumenical_altar_mp_vishouse
D:2:      layout_loops_corners, minivault_23
D:3:      layout_rooms, mainiacjoe_overflow_catwalk_spiral,
          grunt_temple_overflow_open, serial_shops, nicolae_square_shop

Skill      XL: |  1  2  3 |
---------------+----------+-----
Maces & Flails | 2 |  2.5
Fighting       | 3 |  3.3
Spellcasting   | 1 |  1.6
Shields        | 3 |  3.2
Armour         | |  2.4

Action                     |  1- 3 |  4- 6 || total
---------------------------+-------+-------++-------
  Melee: Flail             |   117 |     4 ||   121
         Bite              |    22 |       ||    22
 Armour: Scale mail        |    60 |     1 ||    61
  Dodge: Dodged            |    49 |     1 ||    50
  Block: Buckler           |    40 |       ||    40

Table legend: (Time is in decaauts)
 A = Elapsed time spent in this place.
 B = Non-inter-level travel time spent in this place.
 C = Inter-level travel time spent in this place.
 D = Time resting spent in this place.
 E = Time spent auto-exploring this place.
 F = Levels seen in this place.
 G = Mean time per level.
                   A        B        C        D        E       F      G
               +--------+--------+--------+--------+--------+-----+--------+
         Total |   1385 |   1385 |      0 |      0 |    978 |   3 |  461.7 |
       Dungeon |   1385 |   1385 |      0 |      0 |    978 |   3 |  461.7 |
               +--------+--------+--------+--------+--------+-----+--------+

Top non-repeatable levels by time:
     D:1: 863 daAuts
     D:2: 510 daAuts
     D:3: 11 daAuts
